Cogmind - Beta 15 @@@ ROGUE MODE // 2025.08.07 @ 09:25:27 Player: SnailSD Result: Destroyed by Y-45 Defender with Heavy Assault Rifle Performance ------------- Evolutions (2) 1000 Regions Visited (5) 1000 Robots Destroyed (85) 425 Value Destroyed (2509) 2509 Prototype IDs (26) 520 Alien Tech Used (0) 0 Bonus (511) 511 TOTAL SCORE: 5965 Bonus ------- High Alert Combat Kills 211 Aligned with FarCom 300 Cogmind --------- Core Integrity 0/550 Matter 300/300 Energy 100/100 System Corruption 5% Temperature Cool (9) Movement Core (350) Ox6 Location -8/Materials Parts ------- > --- POWER (1) -------- (None) > --- PROPULSION (3) --- (None) > --- UTILITY (5) ------ Improved Heat Sink Large Storage Unit > --- WEAPON (2) ------- (None) > --- INVENTORY (15) --- Reinforced Ion Engine Light Treads Light Treads Light Treads Light Treads Improved VTOL Module Large Storage Unit Large Storage Unit Large Matter Pod (150) Heavy Particle Cannon Gauss Rifle Gauss Rifle Grenade Launcher Missile Launcher Datajack Peak State ------------ > --- POWER ------------ Light Nuclear Core > --- PROPULSION ------- Light Treads Armored Treads Advanced Treads > --- UTILITY ---------- Large Storage Unit Experimental Sensor Array Heavy Armor Plating Hacking Suite > --- WEAPON ----------- Precision Beam Rifle Heavy Assault Rifle > --- INVENTORY -------- Light Treads Light Treads Improved VTOL Module Improved VTOL Module Improved Heat Sink Improved Heat Sink Large Storage Unit Large Storage Unit Large Matter Pod Heavy Particle Cannon Heavy Particle Cannon Grenade Launcher Missile Launcher Datajack Longsword +1 [Rating: 38] Favorites ----------- Power Improved Ion Engine Engine Improved Ion Engine Power Core Light Nuclear Core Propulsion Light Treads Treads Light Treads Flight Unit Improved VTOL Module Utility Large Storage Unit Device Experimental Sensor Array Storage Large Storage Unit Processor Transport Network Coupler Hackware Hacking Suite Protection Light Armor Plating Weapon Beam Cannon Energy Gun Precision Beam Rifle Energy Cannon Beam Cannon Ballistic Gun Light Assault Rifle Launcher Grenade Launcher Slashing Weapon Longsword +1 Build | -11 -10 -10 -10 -9 -8 ------- Run | Yrd Mat Min Exi Min Mat Slots Evolved 4 | . . . . . 4 Power . | . . . . . . Propulsion 1 | . . . . . 1 Utility 3 | . . . . . 3 Weapon . | . . . . . . Parts Attached 49 | 7 6 5 . 3 28 Power 5 | 1 1 1 . . 2 Engine 4 | 1 1 1 . . 1 Core 1 | . . . . . 1 Reactor . | . . . . . . Propulsion 13 | 2 . 2 . 1 8 Treads 12 | 2 . 2 . 1 7 Leg . | . . . . . . Wheel . | . . . . . . Hover . | . . . . . . Flight 1 | . . . . . 1 Utility 15 | 2 2 1 . . 10 Device 6 | 1 1 1 . . 3 Storage 2 | 1 1 . . . . Processor 2 | . . . . . 2 Hackware 1 | . . . . . 1 Protection 4 | . . . . . 4 Artifact . | . . . . . . Weapon 16 | 2 3 1 . 2 8 Energy Gun 3 | 1 1 . . . 1 Energy Cannon 5 | . 1 1 . 1 2 Ballistic Gun 4 | 1 . . . . 3 Ballistic Cannon . | . . . . . . Launcher 2 | . 1 . . 1 . Special Weapon . | . . . . . . Impact Weapon . | . . . . . . Slashing Weapon 2 | . . . . . 2 Piercing Weapon . | . . . . . . Special Melee Weapon . | . . . . . . Unidentified Prototypes 3 | . . 1 . . 2 Parts Lost 25 | . 1 4 . . 20 Power 4 | . . 1 . . 3 Propulsion 8 | . . 2 . . 6 Utility 7 | . 1 . . . 6 Weapon 6 | . . 1 . . 5 Highest Loss Streak 7 | . 1 3 . . 7 To Critical Strikes . | . . . . . . Average Backups 13 | 3 8 14 15 15 14 Power 1 | . 1 2 3 2 . Propulsion 2 | 2 2 1 1 1 2 Utility 4 | . 1 5 6 6 4 Weapon 4 | . 2 4 5 5 5 Tool/Special . | . . . . . . Unused Backups 30 | . 10 2 1 2 15 Power 4 | . 1 . . 1 2 Propulsion 11 | . 6 . . . 5 Utility 9 | . 2 2 . 1 4 Weapon 5 | . 1 . 1 . 3 Tool/Special 1 | . . . . . 1 Average Slot Usage (%) 94 | . 97 97 100 100 89 Engine 9 | . 14 13 14 14 3 Core 2 | . . . . . 4 Treads 26 | . 28 26 28 28 25 Device 11 | . 11 14 14 14 9 Storage 11 | . 14 14 14 14 9 Processor 2 | . . . . . 4 Hackware 3 | . . . . . 6 Protection 3 | . . . . . 6 Energy Gun 2 | . 4 . . . 4 Energy Cannon 9 | . 9 13 14 19 4 Ballistic Gun 10 | . 13 14 14 3 8 Peak Build Rating 38 | 7 9 18 19 20 38 Average Rating 20 | 5 8 11 18 19 30 On Entrance 12 | . 7 9 18 19 19 Naked Turns . | . . . . . . Heaviest Build 46 | 12 32 32 32 35 46 Greatest Support 62 | 40 40 40 40 40 62 Greatest Overweight (x) 7 | . . 1 . . 7 Average Overweight (x) . | . . . . . . Largest Inventory Capacity 15 | 8 15 15 15 15 15 Average Capacity 13 | 6 9 15 15 15 15 Most Carried 15 | 8 12 15 15 15 15 Average Carried 13 | 4 8 14 15 14 14 Final Capacity 15 | 8 15 15 15 15 15 Final Carried 15 | 8 12 15 15 15 15 Class Distribution -------------------- 53% | Mutant 33% | Scavenger-Skirmisher 9% | Skirmisher 3% | Scavenger-Mutant Dominant Class ---------------- Mutant | -10/Materials Mutant | -10/Mines Mutant | -10/Exiles Skirmisher | -9/Mines Scavenger-Skirmisher | -8/Materials Resources | -11 -10 -10 -10 -9 -8 ----------- Run | Yrd Mat Min Exi Min Mat Matter Collected 1626 | 273 154 137 129 103 830 Remotely . | . . . . . . Salvage Created 3059 | 107 443 307 . 29 2173 Parts 188 | 6 28 19 . 1 134 Haulers Intercepted 4 | . . . . . 4 Recyclers Shooed 2 | . 1 1 . . . Parts Field Recycled . | . . . . . . Retrieved Matter . | . . . . . . Parts Self-Destructed . | . . . . . . Prevented . | . . . . . . Kills | -11 -10 -10 -10 -9 -8 ------- Run | Yrd Mat Min Exi Min Mat Combat Hostiles Destroyed 64 | . 11 6 . 6 41 Guns 29 | . 4 2 . . 23 Cannons 15 | . 3 4 . . 8 AOE 17 | . 4 . . 5 8 Classes Destroyed 17 | 2 4 . . 2 9 Worker 6 | . 1 . . . 5 Builder 3 | . . . . . 3 Tunneler 3 | 1 1 . . . 1 Hauler 4 | . . . . . 4 Recycler 3 | 1 . 1 . . 1 Mechanic 2 | . . . . . 2 Operator 4 | . 2 . . . 2 Watcher 1 | . . . . . 1 Swarmer 11 | . 2 . . . 9 Grunt 32 | . 9 6 . . 17 Brawler 1 | . . . . . 1 Duelist 1 | . . . . . 1 Sentry 8 | . . . . . 8 Demolisher 1 | . . . . 1 . Specialist 4 | . . . . . 4 Hunter 1 | . . . . . 1 Assembled 5 | . . . . 5 . Best Kill Streak 9 | 1 4 2 . 5 9 Combat Bots Only 5 | . 3 2 . 5 5 Max Kills in Single Turn 4 | 1 3 1 . 4 3 Gunslinging . | . . . . . . Exploded 4 | . 1 . . 4 3 Melee . | . . . . . . Uniques/NPCs Destroyed . | . . . . . . Combat | -11 -10 -10 -10 -9 -8 -------- Run | Yrd Mat Min Exi Min Mat Hostile Shots Fired 354 | . 46 37 . 12 259 Missed 89 | . 15 7 . 4 63 Hits 265 | . 31 30 . 8 196 Melee 7 | . . . . . 7 Projectile 258 | . 31 30 . 8 189 AOE 6 | . . . . 6 . Critical Strikes 11 | . . 3 . . 8 Damage Taken 4381 | . 399 383 . 247 3352 Core 707 | . 56 68 . 19 564 Absorbed by Shields . | . . . . . . Core Remaining (%) 71 | 100 . . . 42 . Volleys Fired 222 | 3 25 30 . 8 156 Largest 2 | 2 2 2 . 2 2 Hottest 150 | 60 80 80 . 120 150 Shots Fired 424 | 6 46 57 . 15 300 Gun 275 | 6 28 30 . . 211 Cannon 132 | . 13 27 . 10 82 Launcher 17 | . 5 . . 5 7 Special . | . . . . . . Kinetic 192 | 3 21 30 . . 138 Thermal 205 | . 13 27 . 10 155 Explosive 17 | . 5 . . 5 7 Electromagnetic 10 | 3 7 . . . . Robot Hit Streak 9 | 2 7 9 . 7 9 Robot Miss Streak 5 | 2 2 3 . 1 5 Penetration Max 1 | . . . . . 1 Secondary Targets 3 | . 1 . . . 2 Max Gunslinging Chain 1 | . 1 . . . 1 Shots Hit Robots 269 | 3 26 35 . 9 196 Core Hits 153 | 3 25 16 . 9 100 Critical Kills 6 | . . . . . 6 Critical Parts Destroyed . | . . . . . . Critical Strikes 12 | . . . . . 12 Burn 6 | . . . . . 6 Meltdown 1 | . . . . . 1 Destroy 5 | . . . . . 5 Melee Attacks 10 | . . . . . 10 Impact . | . . . . . . Slashing 10 | . . . . . 10 Piercing . | . . . . . . Sneak Attacks . | . . . . . . Combat Hostiles . | . . . . . . Follow-up Attacks 1 | . . . . . 1 Damage Inflicted 6092 | 33 665 467 . 439 4488 Guns 2866 | 33 177 151 . . 2505 Cannons 1570 | . 141 316 . 159 954 Explosions 1406 | . 345 . . 280 781 Melee 199 | . . . . . 199 Ramming 51 | . 2 . . . 49 Kinetic 1712 | 6 88 151 . . 1467 Thermal 2608 | . 141 316 . 159 1992 Explosive 1406 | . 345 . . 280 781 Electromagnetic 116 | 27 89 . . . . Impact . | . . . . . . Slashing 199 | . . . . . 199 Piercing . | . . . . . . Highest Corruption 5 | . . . . . 5 Average Corruption 4 | . . . . . 4 Corruption Purged . | . . . . . . Corruption Blocked . | . . . . . . Effects 5 | . . . . . 5 Heat Flow Errors 1 | . . . . . 1 Parts Rejected 1 | . . . . . 1 Data Loss (minor) 2 | . . . . . 2 Alerts 1 | . . . . . 1 Overload Shots . | . . . . . . Overflow Damage 49 | . 8 . . 30 11 Projectiles 17 | . . . . 9 8 Explosions 32 | . 8 . . 21 3 Melee . | . . . . . . Knockbacks . | . . . . . . Impact . | . . . . . . Kinetic . | . . . . . . Secondary . | . . . . . . Self-Inflicted Damage 46 | . 40 . . 6 . Shots 2 | . 1 . . 1 . Rammed 11 | . 1 . . . 10 Targets Rammed 11 | . 1 . . . 10 Kicked . | . . . . . . Crushed . | . . . . . . Highest Temperature 374 | 20 206 374 . 315 371 Average Temperature 107 | 10 66 139 . 136 106 Received Heat Transfer 1683 | . 183 276 . . 1224 Effects 4 | . . 1 . . 3 Shutdowns 2 | . . . . . 2 Energy Bleed 1 | . . . . . 1 Matter Decay 1 | . . 1 . . . Siege Activations . | . . . . . . Martial Activations . | . . . . . . Shielding Activations . | . . . . . . Robots Disrupted . | . . . . . . Combat Hostiles . | . . . . . . Robots Corrupted . | . . . . . . Combat Hostiles . | . . . . . . Parts Fried . | . . . . . . Impact Corruptions . | . . . . . . Robots Melted 3 | . . . . 1 2 Combat Hostiles 3 | . . . . 1 2 Parts Melted 9 | . 1 . . 1 7 Heat Transferred 5772 | . 296 666 . 333 4477 Parts Sabotaged . | . . . . . . Parts Stolen . | . . . . . . Parts Stripped . | . . . . . . Power Chain Reactions . | . . . . . . Alert | -11 -10 -10 -10 -9 -8 ------- Run | Yrd Mat Min Exi Min Mat Maximum Alert Level 3 | . . . . . 3 Low Security (%) 63 | 100 100 100 . 100 24 Level 1 14 | . . . . . 30 Level 2 20 | . . . . . 42 Level 3 1 | . . . . . 2 Level 4 . | . . . . . . Level 5 . | . . . . . . High Security . | . . . . . . Max Security . | . . . . . . Peak Influence 709 | 5 158 43 . 30 709 Initial 3 | . . 3 . . . Average 194 | 1 66 4 . 7 367 Influence Increases 1865 | 10 338 155 . 55 1307 Destroy 0b10 Robot/C 1180 | . 220 120 . 20 820 Destroy 0b10 Robot/NC 130 | 10 20 5 . . 95 Destroy Leader 300 | . 50 30 . 10 210 Successful Hack 8 | . . . . . 8 Disable Machine 60 | . 15 . . . 45 Destroy Structure 127 | . 33 . . 25 69 Lose Combat Pursuer 60 | . . . . . 60 Influence Decreases 1235 | 10 328 165 . 55 677 Entered New Map 7 | . . 7 . . . Time Decay 988 | 10 318 128 . 55 477 Lost Part 240 | . 10 30 . . 200 Squads Dispatched 14 | . 2 . . . 12 Investigation 2 | . 1 . . . 1 Extermination . | . . . . . . Reinforcement 7 | . 1 . . . 6 Assault 1 | . . . . . 1 Garrison 4 | . . . . . 4 Intercept . | . . . . . . Searches Triggered . | . . . . . . Construction Impeded 2 | . . . . . 2 Haulers Reinforced . | . . . . . . Active Scanning Responses . | . . . . . . Cargo Convoy Interrupts . | . . . . . . Stealth | -11 -10 -10 -10 -9 -8 --------- Run | Yrd Mat Min Exi Min Mat Distress Signals 8 | . 1 . . . 7 Communications Jammed . | . . . . . . Distress Signals . | . . . . . . Times Spotted 119 | . 28 8 . 10 73 Peak Tracking Total 18 | . 6 2 . 18 8 Tactical Retreats 4 | . . . . 1 3 Traps | -11 -10 -10 -10 -9 -8 ------- Run | Yrd Mat Min Exi Min Mat Traps Triggered 1 | . 1 . . . . Indirectly . | . . . . . . Trap Hack Attempts . | . . . . . . Triggered . | . . . . . . Disarmed . | . . . . . . Reprogrammed . | . . . . . . Reused . | . . . . . . Traps Extracted . | . . . . . . Installed . | . . . . . . Triggered . | . . . . . . Machines | -11 -10 -10 -10 -9 -8 ---------- Run | Yrd Mat Min Exi Min Mat Machines Disabled 4 | . 1 . . . 3 Max in Single Turn 1 | . 1 . . . 1 Machines Repaired . | . . . . . . Machines Dismantled . | . . . . . . Machines Sabotaged . | . . . . . . Overloaded Fab Kills . | . . . . . . Hacking | -11 -10 -10 -10 -9 -8 --------- Run | Yrd Mat Min Exi Min Mat Machines Accessed 10 | . 2 . 2 . 6 Terminals 6 | . 2 . . . 4 Fabricators . | . . . . . . Repair Stations . | . . . . . . Recycling Units . | . . . . . . Scanalyzers 2 | . . . . . 2 Garrison Access . | . . . . . . Total Hacks 24 | . 2 . 5 . 17 Successful 16 | . 1 . 5 . 10 Failed 8 | . 1 . . . 7 Catastrophic 2 | . 1 . . . 1 Database Lockouts . | . . . . . . Manual 11 | . 2 . 1 . 8 Terminals 13 | . 2 . . . 11 Fabricators . | . . . . . . Repair Stations . | . . . . . . Recycling Units . | . . . . . . Scanalyzers 6 | . . . . . 6 Garrison Access . | . . . . . . Terminal Hacks 8 | . . . 5 . 3 Record 6 | . . . 4 . 2 Scanalyzer Index 1 | . . . . . 1 Proto ID Catalog 1 | . . . 1 . . Fabricator Hacks . | . . . . . . Repair Station Hacks . | . . . . . . Recycling Unit Hacks . | . . . . . . Scanalyzer 6 | . . . . . 6 Insert Component 3 | . . . . . 3 Analyze 3 | . . . . . 3 Garrison Access Hacks . | . . . . . . Unauthorized Hacks 2 | . 1 . . . 1 Terminals 2 | . 1 . . . 1 Operators 2 | . 1 . . . 1 Fabricators . | . . . . . . Repair Stations . | . . . . . . Recycling Units . | . . . . . . Scanalyzers . | . . . . . . Garrison Access . | . . . . . . Data Cores Recovered 2 | . 1 . . . 1 Used 1 | . . . . . 1 Hacking Detections 5 | . 1 . . . 4 Full Trace Events 2 | . . . . . 2 Feedback Events . | . . . . . . Feedback Blocked . | . . . . . . Robot Schematics Acquired . | . . . . . . Robots Built . | . . . . . . Authchips . | . . . . . . Time . | . . . . . . Total Robot Build Rating . | . . . . . . Part Schematics Acquired 2 | . . . . . 2 Parts Built . | . . . . . . Authchips . | . . . . . . Time . | . . . . . . Total Part Build Rating . | . . . . . . Parts Repaired . | . . . . . . Time . | . . . . . . Parts Recycled . | . . . . . . Recycled Matter . | . . . . . . Retrieved Matter . | . . . . . . Retrieved Components . | . . . . . . Parts Scanalyzed 2 | . . . . . 2 Part Schematics Acquired 2 | . . . . . 2 Parts Damaged 1 | . . . . . 1 Bothacking | -11 -10 -10 -10 -9 -8 ------------ Run | Yrd Mat Min Exi Min Mat Used RIF Installer . | . . . . . . Robots Hacked . | . . . . . . Non-combat . | . . . . . . Combat . | . . . . . . Robot Hacks Applied . | . . . . . . Relay Couplers Released . | . . . . . . Fabnet Peak Effective % . | . . . . . . Robots Rewired . | . . . . . . Allies Hacked . | . . . . . . Hacks Repelled . | . . . . . . Allies | -11 -10 -10 -10 -9 -8 -------- Run | Yrd Mat Min Exi Min Mat Total Allies . | . . . . . . Largest Group . | . . . . . . Highest-Rated Group . | . . . . . . Highest-Rated Ally . | . . . . . . Total Orders . | . . . . . . Ally Attacks . | . . . . . . Total Damage . | . . . . . . Kills . | . . . . . . Allies Corrupted . | . . . . . . Allies Melted . | . . . . . . Intel | -11 -10 -10 -10 -9 -8 ------- Run | Yrd Mat Min Exi Min Mat Active Infowar (turns) 3910 | 32 699 886 408 177 1708 Sensors 2475 | . . 182 408 177 1708 Terrain 727 | . 23 704 . . . Seismic 708 | 32 676 . . . . T.N.C. 1022 | . . . . . 1022 Robot Analysis Total . | . . . . . . Derelict Logs Recovered 1 | . . 1 . . . Drone Launches . | . . . . . . Drone Recoveries . | . . . . . . Exploration | -11 -10 -10 -10 -9 -8 ------------- Run | Yrd Mat Min Exi Min Mat Turns Passed 4346 | 118 842 888 408 177 1913 Spaces Moved 2118 | 59 453 482 255 90 779 Core 5 | 2 . . . . 3 Treads 2113 | 57 453 482 255 90 776 Legs . | . . . . . . Wheels . | . . . . . . Hover . | . . . . . . Flight . | . . . . . . Fastest Speed 50 | 50 160 160 160 160 155 Average Speed 161 | 156 160 163 160 160 162 Slowest Speed 400 | 160 160 240 160 160 400 Overloaded Moves . | . . . . . . Propulsion Burnouts . | . . . . . . Robots Hopped . | . . . . . . Potential Cave-ins . | . . . . . . Cave-ins Triggered . | . . . . . . Exploration Rate (%) 50 | 5 67 81 61 31 60 Regions Visited 5 Branch Regions 3 Pre-discovered Areas 1 | . . . 1 . . Known Exits Taken . | . . . . . . Unknown Exits Taken 5 | 1 1 1 1 1 . Scrap Searched 2 | . . 2 . . . Spaces Dug 1 | . . . . . 1 Terrain Destroyed 150 | . 30 . . 33 87 Melee 1 | . . . . . 1 Projectile 9 | . . . . . 9 AOE 140 | . 30 . . 33 77 Terrain Rammed . | . . . . . . Walls Destroyed . | . . . . . . Machines Disabled . | . . . . . . Actions | -11 -10 -10 -10 -9 -8 --------- Run | Yrd Mat Min Exi Min Mat Total 2612 | 76 530 531 256 107 1112 Wait 99 | . 13 3 . . 83 Move 2113 | 58 452 481 254 89 779 Hop . | . . . . . . Pick Up 51 | 8 15 9 1 2 16 Fast Attach 25 | 7 2 1 . 1 14 Attach 15 | . . 4 . . 11 Detach 1 | . . . . . 1 Swap 26 | . 8 . . 4 14 Drop 40 | . 14 3 1 3 19 Fire 222 | 3 25 30 . 8 156 Melee 9 | . . . . . 9 Ram 1 | . . . . . 1 Kick . | . . . . . . Crush 10 | . 1 . . . 9 Escape Stasis . | . . . . . . Rewire . | . . . . . . Trap . | . . . . . . Miscellaneous . | . . . . . . Route ------- -11/Scrapyard -10/Materials (discovered 3 exits: [*Mat x2] / [*Min]) -10/Mines (discovered 3 exits: [*Mat] / *Exi / [*Sub]) -10/Exiles (discovered 2 exits: [*Min x2]) -9/Mines -8/Materials History --------- Turn | Location | Event 53 | -11/Scrapyard | Discovered new exit (range 16) 119 | -11/Scrapyard | Entered Materials 322 | -10/Materials | Build established: Mutant 643 | -10/Materials | Discovered new exit (range 11) 731 | -10/Materials | Discovered new exit (range 15) 881 | -10/Materials | Discovered new exit (range 11) 961 | -10/Materials | Entered Mines 1027 | -10/Mines | Discovered new exit (range 4) 1077 | -10/Mines | Received a Rocket Launcher from a helpful Derelict 1104 | -10/Mines | Learned Materials trap positions 1273 | -10/Mines | Lost 3 parts (1p1n1w) 1292 | -10/Mines | Joined a pair of Derelicts in attacking an 0b10 outpost 1663 | -10/Mines | Found a damaged Exp. Sensor Array with a note attached 1667 | -10/Mines | Found Prototype Device 1667 | -10/Mines | Identified Exp. Sensor Array 1765 | -10/Mines | Discovered new exit (range 6) 1843 | -10/Mines | Deemed a non-threat by the Exiles lab entrance 1843 | -10/Mines | Discovered new exit (range 5) 1849 | -10/Mines | Entered Exiles 1875 | -10/Exiles | Discovered new exit (range 14) 1894 | -10/Exiles | Met 8R-AWN 1920 | -10/Exiles | Met EX-HEX 1968 | -10/Exiles | Met EX-BIN 1987 | -10/Exiles | Aligned with FarCom system 1989 | -10/Exiles | Given EX-Vault access code 2029 | -10/Exiles | Opened EX-Vault 2040 | -10/Exiles | Found Longsword +1 2073 | -10/Exiles | Warned to stay clear of 0b10 Research branches 2120 | -10/Exiles | Met EX-DEC 2133 | -10/Exiles | Learned location of Zion (-6) 2238 | -10/Exiles | Discovered new exit (range 14) 2257 | -10/Exiles | Left Exiles lab with Longsword +1 2257 | -10/Exiles | Entered Mines 2258 | -9/Mines | Assembled infested the area 2263 | -9/Mines | Assisted by a Guerilla fighting off Assembled 2339 | -9/Mines | Core integrity fell below 50% 2423 | -9/Mines | Discovered new exit (range 7) 2434 | -9/Mines | Entered Materials 2434 | -8/Materials | Evolved 4 slots: Propulsion x1, Utility x3 2435 | -8/Materials | Loaded intel: 9 trap records 2560 | -8/Materials | Build established: Skirmisher 2903 | -8/Materials | Build established: Scavenger-Skirmisher 3121 | -8/Materials | Lost 4 parts (1p2n1u) 3440 | -8/Materials | Garrison activated, responded to threat 3616 | -8/Materials | Core integrity fell below 50% 4034 | -8/Materials | First assault squad dispatched 4189 | -8/Materials | Lost 3 parts (3u) 4325 | -8/Materials | Garrison activated, responded to threat 4343 | -8/Materials | Core integrity fell below 20% 4347 | -8/Materials | Destroyed by Y-45 Defender with Heavy Assault Rifle Last Messages --------------- 04319_ H-61 Shepherd calls for reinforcements. 04319_ ALERT: Hostile activity reported, dispatching reinforcements to area. 04319_ Lgt. Treads destroyed. 04321_ Katana follow-up attack on H-61 Shepherd. 04325_ H-61 Shepherd calls for garrison reinforcements. 04325_ ALERT: Activating Garrison Access M001. 04326_ Adv. Treads destroyed. 04326_ Melee Analysis Suite destroyed. 04326_ Critical hit (Blast). 04330_ Imp. Ion Engine destroyed. 04332_ Arm. Treads destroyed. 04332_ Knocked back. 04333_ System corrupted: Longsword +1 rejected. 04339_ Katana destroyed. 04339_ Knocked back. 04342_ Penetrated by Slug. 04342_ Knocked back. 04347_ Slammed into H-61 Shepherd. Map ----- +----------------------------------------------------+ | ????????????????????# " " #???????????? #% | | ????????????????????# !! #????????????? + | | ????????????????????# !! #?????????????? # | | ????????????????????# ] ! #???????????????# | | ????????????????????# #????????#+###### | | ??????????????????????# #?#####????????# | | ???????????????????????#???????????????+ | | ???????????????????????????????????????# % | | ???????????????????????????????????????######## | | ??????????????????????????????????????????????# | | ??????????????????????????###????????????????## | | ?????????????????????????##"##################" | | ?????????????????????????# !! =%% | | ?????????????????????????# !! * | | ????????????????????????## | | ????????????????????????##! = ##########" | | ?????????????????????????#! ! w #??????#?## %[ | | ?????????????????????????#!%" " #?????????# | | ?????????????????????????#%["G" #?????????# | | ???????????????????##????# ] " #?????????# | | ???????????????????#;#####] k #?????????#%* | | ????????????????????#[ # u #????????##[ | | ????????????????????# # #### +????????#!!! | | ????????????????????# %%%# #??# # """###=[% | | ????????????????????# % # #??# # *!!%"*%=*[! | | ????????????????????# /H@m u#??# #??#######[%= | | ????????????????????# Y# w #??# #???????##![%= | | ????????????????????# " Y #??? #?????######+# | | ????????????????????# # #????????????# ! |!=* | | ????????????????????# g #g #????????????# !%* | | ???????????????????#;##/## #??????????### ! | | ??????????????????# #?# #??????????#"" = | | ??????????????????##??# #??????????#"T|| | | ??????????????????????# #??????????#""|| | | ??????????????????????# #??????????###|!! | | | ?????????????????????? #????????????#[[*! | | ??????????????????????#+###"##????????????#%###### | | ??????????????????????????? ?????????????##?????? | | ??????????????????????????? ????????????????????? | | ??????????????????????????? ????????????????????? | | ??????????????????????????? ????????????????????? | | ??????????????????????????? "????????????????????? | | ?????????????????????????????????????????????????? | | ?????????????????????????????????????????????????? | | ?????????????????????????????????????????????????? | | | | | | | | | | | +----------------------------------------------------+ Best States ------------- Heat Dissipation 59 Energy Generation 14 Energy Capacity 265 Matter Stores 300 Matter Capacity 300 Sight Range 16 Robot Scan Range 20 Terrain Scan Range 14 Terrain Scan Density 10 Armor Coverage 600 Evasion (%) 40 Melee Accuracy 5 Recoil Reduction 3 Offensive Hacking 10 Item Schematics ----------------- Hacking Suite | -8/Materials | Scanalyzed Imp. VTOL Module | -8/Materials | Scanalyzed Robot Schematics ------------------ None Fabricated ------------ Nothing Repaired ---------- Nothing Alien Tech Used ----------------- None Achievements -------------- Dynamic Key Challenges ------------ None Game ------ Seed CoilWeldingDriver Manual? 0 Play Time 00:39:46 Cumulative 25.6 hours Start 2025.08.07 @ 07:49:20 End 2025.08.07 @ 09:25:27 Sessions 1 Manual Loads 0 Difficulty Rogue Special Mode None Game No. 40 Rogue 40 Adventurer 0 Explorer 0 Win Type - Total 0 Types 0/0/0/0/0/0/0/0/0/0 Lore% 31 Gallery% 28 Achievement% 27 Wizard Run 0 Options --------- Layout 1 ASCII 0 Keyboard 0 Movement Numpad Keybinds 0 Fullscreen 1 Font 24/Smallcaps Map View 50x35 Zoom Use 0% Tactical HUD 1 Map Filters NONE Filters NONE Steam 1 RUN: 1320f85c-19ac-4d2c-8ac4-3f24546c7e09